 Dungeon Crawl Stone Soup version 0.21.1-1-g345015fe64 (webtiles) character file.

262 Ivernyr the Charmwright (level 5, -2/39 HPs)
             Began as a Demonspawn Skald on Apr 28, 2018.
             Was a Follower of Nemelex Xobeh.
             Slain by a gnoll
             ... wielding a +0 halberd
              (11 damage)
             ... on level 3 of the Dungeon.
             The game lasted 00:11:11 (5136 turns).

Ivernyr the Charmwright (Demonspawn Skald)          Turns: 5136, Time: 00:11:11

Health: -2/39      AC:  2    Str:  8 (11) XL:     5   Next: 97%
Magic:  8/8        EV: 12    Int: 18 (19) God:    Nemelex Xobeh [*.....]
Gold:   160        SH:  0    Dex: 10 (13) Spells: 3/8 levels left

rFire    . . .     SeeInvis .   a - +0 falchion
rCold    + . .     Gourm    .   (no shield)
rNeg     + . .     Faith    .   b - +0 robe
rPois    .         Spirit   .   (no helmet)
rElec    .         Reflect  .   (no cloak)
rCorr    .         Harm     .   (no gloves)
MR       .....                  (no boots)
Stlth    +.........             n - amulet of rage
HPRegen  0.13/turn              r - +4 ring of intelligence
MPRegen  0.11/turn              e - ring of positive energy

@: no status effects
A: talons 2, cold resistance 1
a: Renounce Religion, Evoke Berserk Rage


You were on level 3 of the Dungeon.
You worshipped Nemelex Xobeh.
Nemelex Xobeh was aware of your devotion.
You were very hungry.

You visited 1 branch of the dungeon, and saw 4 of its levels.

You collected 160 gold pieces.

Inventory:

Hand Weapons
 a - a +0 falchion (weapon)
Armour
 b - a +0 robe (worn)
Jewellery
 e - a ring of positive energy (right hand)
 n - an amulet of rage (around neck)
 r - a +4 ring of intelligence (left hand)
Scrolls
 f - a scroll of remove curse
 g - 2 scrolls of magic mapping
 h - 3 scrolls of enchant weapon
 i - 3 scrolls of fog
 k - 2 scrolls of amnesia
Potions
 j - a potion of brilliance
 m - a potion of might {unknown}
 o - 2 potions of heal wounds {unknown}
 s - a potion of flight {unknown}
 t - a potion of magic {unknown}
Books
 c - a book of Battle

   Spells                             Type                      Level
   a - Infusion                       Charms                       1
   b - Shroud of Golubria             Charms/Translocation         2
   c - Song of Slaying                Charms                       2
   d - Spectral Weapon                Hexes/Charms                 3
   e - Regeneration                   Charms/Necromancy            3
Comestibles
 d - 5 rations


   Skills:
 - Level 2.6 Fighting
 + Level 3.0 Long Blades
 * Level 3.4 Armour
 - Level 1.7 Dodging
 - Level 2.0 Spellcasting
 + Level 3.5 Charms
 + Level 2.3 Invocations


You had 3 spell levels left.
You knew the following spells:

 Your Spells              Type           Power        Failure   Level  Hunger
a - Shroud of Golubria    Chrm/Tloc      #.........   13%         2    ###....
b - Song of Slaying       Chrm           ##......     6%          2    ###....
c - Infusion              Chrm           ##..         4%          1    #......


Dungeon Overview and Level Annotations

Branches:
Dungeon (4/15)
 Temple: D:4-7

Altars:
Elyvilon
Fedhas
Hepliaklqana
Nemelex Xobeh
Okawaru
Vehumet
Wu Jian
Xom
Zin
The Shining One

Shops:
D:4 %

Annotations:
D:4 Delanovic's ghost, novice MiGl


Innate Abilities, Weirdness & Mutations

You have razor-sharp toenails.
Your flesh is cold resistant. (rC+)


Message History

You start resting.
Magic restored.
You start resting.
You are feeling very hungry.
You start resting.
HP restored.
There is a stone staircase leading down here.
You climb downwards.
Level annotation: Delanovic's ghost, novice MiGl The gnoll hits you with a halberd.
The gnoll closely misses you. The gnoll hits you with a halberd!
There is a stone staircase leading up here.
Unknown command.
The gnoll hits you with a spear.
The gnoll throws a stone.
The stone hits you.
* * * LOW HITPOINT WARNING * * *
You climb upwards.
There is a stone staircase leading down here.
The gnoll hits you with a halberd!
You die...
Your body glows slightly and disappears.

#...#......# #...
#...#......# ##+#
#...#......#######.#
#...'......)........
#...###.#..#######.#
###.....#..#### #..
#.#####.....######
#...........'.....
#@.###......######
#>g..............<
##g####.##########
######'####.# #
#........##.##########
#........+..#.........
#...)....####.########
#........# #.........
#........# ##########


You could see 2 gnolls.

Vanquished Creatures
  A howler monkey (D:3)
  A hound (D:4)
  A worker ant (D:3)
  4 gnolls (D:3)
  3 adders (D:2)
  An adder skeleton (D:4)
  2 worms
  A dart slug (D:2)
  3 leopard geckos
  5 orcs (D:4)
  6 giant cockroaches
  10 goblins
  9 hobgoblins
  A quokka (D:2)
  5 bats (D:2)
  2 frilled lizards
  A jackal skeleton (D:4)
  5 kobolds
  6 rats
67 creatures vanquished.

Vanquished Creatures (collateral kills)
  3 gnolls (D:3)
3 creatures vanquished.

Vanquished Creatures (others)
  A centaur skeleton (D:4)
1 creature vanquished.

Grand Total: 71 creatures vanquished

Notes
Turn   | Place    | Note
-------+----------+-------------------------------------------
     0 | D:1      | Ivernyr the Demonspawn Skald began the quest for the Orb.
     0 | D:1      | Reached XP level 1. HP: 16/16 MP: 3/3
    32 | D:1      | Reached skill level 1 in Armour
   208 | D:1      | Gained mutation: Your flesh is cold resistant. (rC+) [demonic ancestry]
   208 | D:1      | Reached XP level 2. HP: 10/22 MP: 5/5
  1014 | D:2      | Reached XP level 3. HP: 25/28 MP: 0/6
  1230 | D:2      | Learned a level 2 spell: Song of Slaying
  1233 | D:2      | Learned a level 2 spell: Shroud of Golubria
  1257 | D:2      | Found a glowing silver altar of Zin.
  1257 | D:2      | Found a glowing golden altar of the Shining One.
  1258 | D:2      | Found a white marble altar of Elyvilon.
  1473 | D:2      | Found an ornate altar of the Wu Jian Council.
  2143 | D:2      | Gained mutation: You have sharp toenails. [demonic ancestry]
  2143 | D:2      | Reached XP level 4. HP: 29/34 MP: 5/7
  2310 | D:2      | Found a radiant altar of Vehumet.
  2310 | D:2      | Found a shimmering altar of Xom.
  2312 | D:2      | Found a sparkling altar of Nemelex Xobeh.
  2314 | D:2      | Found an iron altar of Okawaru.
  2316 | D:2      | Found a hazy altar of Hepliaklqana.
  2337 | D:2      | Became a worshipper of Nemelex Xobeh the Trickster
  2426 | D:3      | Received a gift from Nemelex Xobeh
  2646 | D:3      | Reached skill level 1 in Invocations
  2691 | D:3      | Gained mutation: You have razor-sharp toenails. [demonic ancestry]
  2691 | D:3      | Reached XP level 5. HP: 39/39 MP: 5/8
  3080 | D:3      | Found a blossoming altar of Fedhas.
  3732 | D:4      | Found Fuqirphu's Food Emporium.
  4059 | D:4      | Reached * piety under Nemelex Xobeh
  4115 | D:4      | Noticed Delanovic's ghost (novice MiGl)
  5136 | D:3      | Slain by a gnoll

Skill      XL: |  1  2  3  4  5 |
---------------+----------------+-----
Armour         | 1 2 3 |  3.4
Long Blades    | 2 3 |  3.0
Charms         | 3 |  3.5
Invocations    | 1 2 |  2.3
Fighting       | |  2.6
Dodging        | |  1.7
Spellcasting   | |  2.0

Action                   |  1- 3 |  4- 6 || total
-------------------------+-------+-------++-------
Melee: Falchion          |   101 |   140 ||   241
       Kick              |       |    27 ||    27
 Cast: Infusion          |     2 |       ||     2
       Shroud of Golubri |     3 |    11 ||    14
       Song of Slaying   |       |     1 ||     1
Evoke: Deck              |       |     6 ||     6
  Use: Scroll            |       |     9 ||     9
       Potion            |       |     1 ||     1
 Stab: Sleeping          |     1 |     1 ||     2
  Eat: Chunk             |     4 |     6 ||    10
       Ration            |       |     1 ||     1
Armor: Robe              |    21 |    17 ||    38
       Leather armour    |     1 |       ||     1
Dodge: Dodged            |    86 |   113 ||   199
       Rpst.: Falchion   |    23 |    40 ||    63
